 Dungeon Crawl Stone Soup version 0.31.0-32-g396128a36d (webtiles) character file.

Game seed: 12836053931433388170

23857 Logoto the Cleaver (level 12, -9/108 HPs)
             Began as a Minotaur Berserker on Apr 15, 2024.
             Was a High Priest of Trog.
             Shot with a bolt by a yaktaur (10 damage)
             ... in a volcano on Apr 16, 2024.
             The game lasted 00:34:00 (11122 turns).

Logoto the Cleaver (Minotaur Berserker)            Turns: 11122, Time: 00:34:00

Health: -9/108     AC: 23    Str: 33    XL:     12   Next: 75%
Magic:  11/11      EV:  9    Int:  4    God:    Trog [*****.]
Gold:   606        SH:  5    Dex: 10    Spells: 11/11 levels left

rFire   . . .        K - +5 broad axe
rCold   . . .        G - +0 buckler
rNeg    . . .        z - +0 plate armour
rPois   .            (helmet restricted)
rElec   .            E - +2 cloak
rCorr   .            (no gloves)
SInv    .            x - +2 pair of boots
Will    .....        N - amulet of Duqast {Acrobat Slay+4} Stlth
                     D - ring of flight
HPRegen 0.38/turn    l - +6 ring of strength
MPRegen 0.12/turn

%: acrobat
@: mighty, on berserk cooldown, flying, slowed, very slow
A: horns 2, retaliatory headbutt
a: Renounce Religion, Berserk, Trog's Hand, Brothers in Arms


You were in a volcano.
You worshipped Trog.
Trog was extremely pleased with you.
You visited 2 branches of the dungeon, and saw 11 of its levels.
You also visited: Bailey and Volcano.

You collected 606 gold pieces.

Inventory:

Hand Weapons
 F - a +2 morningstar of draining
 K - a +5 broad axe (weapon)
Missiles
 t - 27 poisoned darts (quivered)
 v - 2 throwing nets
Armour
 x - a +2 pair of boots (worn)
 z - a +0 plate armour (worn)
 E - a +2 cloak (worn)
 G - a +0 buckler (worn)
Jewellery
 j - a ring of protection from cold
 l - a +6 ring of strength (right hand)
 D - a ring of flight (left hand)
 N - the amulet of Duqast (around neck) {Acrobat Slay+4}
   (You took it off an orc on level 9 of the Dungeon)

   [amulet of the acrobat]

   Acrobat:   It increases your evasion while moving and waiting.
   Slay+4:    It affects your accuracy & damage with ranged weapons and melee
   (+4).
Wands
 o - a wand of flame (27)
 p - a wand of paralysis (2)
Scrolls
 d - 3 scrolls of fog
 f - a scroll of poison {unknown}
 g - 3 scrolls of enchant armour
 i - 4 scrolls of identify
 k - 3 scrolls of enchant weapon
 q - 2 scrolls of fear
 r - a scroll of blinking
 s - 4 scrolls of teleportation
 B - 2 scrolls of amnesia {unknown}
Potions
 m - 3 potions of curing
 n - 4 potions of resistance
 H - a potion of cancellation
 I - a potion of haste
 J - a potion of magic
 P - 3 potions of enlightenment
Miscellaneous
 L - a phantom mirror


   Skills:
 * Level 10.9 Fighting
 * Level 14.2(15.2) Axes
 + Level 7.1(11.6) Maces & Flails
 - Level 5.8(10.9) Polearms
 + Level 0.5 Throwing
 * Level 13.9 Armour
 + Level 3.3 Dodging
 + Level 0.6 Stealth
 + Level 6.6 Shields


You had 11 spell levels left.
You didn't know any spells.
Your spell library was empty.

Dungeon Overview and Level Annotations

Branches:
Dungeon (10/15)            Temple (0/1) D:5            Lair (1/5) D:9
    Orc (0/2) D:10         Bailey (visited)         Volcano (1/1)

Altars:
Elyvilon
Makhleb
Okawaru
Ru
Sif Muna
Wu Jian
Xom

Annotations:
Volcano 1 runed translucent door


Innate Abilities, Weirdness & Mutations

You have a pair of horns on your head.
You reflexively headbutt those who attack you in melee.


Message History

You hear a shout!
You feel a strong urge to attack something.
The yaktaur shoots a bolt.
The bolt completely misses you.
The yaktaur shoots a bolt.
The bolt hits you! The bolt burns you.
You are no longer berserk.
You are exhausted.
You feel yourself slow down.
You feel better.
The yaktaur shoots a bolt.
The bolt hits you!
* * * LOW HITPOINT WARNING * * *
The bolt burns you.
* * * LOW HITPOINT WARNING * * *
You feel very mighty all of a sudden.
The centaur warrior shoots an arrow.
The arrow closely misses you.
The centaur warrior shoots an arrow.
The arrow hits you but does no damage.
The yaktaur shoots a bolt.
The bolt barely misses you.
The centaur warrior shoots an arrow.
The arrow barely misses you.
A yaktaur comes into view.
It is wielding a +1 arbalest of flaming.
The centaur shoots an arrow.
You block the arrow.
The centaur warrior shoots an arrow.
The arrow hits you!
* * * LOW HITPOINT WARNING * * *
The arrow burns you.
* * * LOW HITPOINT WARNING * * *
The yaktaur shoots a bolt.
The bolt closely misses you.
The yaktaur shoots a bolt.
The bolt completely misses you.
The centaur shoots an arrow.
You block the arrow.
The yaktaur shoots a bolt.
The bolt hits you.
* * * LOW HITPOINT WARNING * * *
The bolt burns you.
* * * LOW HITPOINT WARNING * * *
The yaktaur moves out of view.
You closely miss the centaur warrior. You headbutt the centaur warrior!
The centaur warrior is moderately wounded.
You slash the yaktaur!
A centaur comes into view.
It is wielding a +2 shortbow of flaming.
The centaur warrior unwields a +3 shortbow of flaming.
It stops flaming.
The centaur warrior hits you!
* * * LOW HITPOINT WARNING * * *
The centaur warrior kicks you but does no damage.
The yaktaur shoots a bolt.
The bolt hits you!
You die...

...# #.c.. ...#
...### .c... .
#####c.#
.+).#..#c.#
#....@cc##
#∩####.).###
#####.##c#..#
#.c...§§...####
...∩#.§§......#
. ##.§§...#..∩.
#.§§§§.## ..#
#....§## ##
##...##


You could see a centaur warrior, 2 yaktaurs and 3 centaurs.

Vanquished Creatures
  An orc warlord (Bailey)
  A centaur warrior (D:8)
  2 two-headed ogres (D:10)
  2 orc knights (Bailey)
  2 cane toads (Lair:1)
  Jeremiah (D:8)
  An unseen horror (D:10)
  Maggie (D:8)
  A komodo dragon (Lair:1)
  A yaktaur (Volcano)
  A tengu conjurer (D:8)
  7 blink frogs (Lair:1)
  Sigmund (D:6)
  4 wyverns
  A wraith (D:9)
  A vampire (D:9)
  6 yaks
  A human (D:9)
  2 steam dragons
  A warg (D:9)
  A basilisk (D:9)
  3 water moccasins (D:9)
  3 black bears (D:9)
  14 orc warriors
  3 sky beasts
  An ogre (D:3)
  7 centaurs
  2 wolves (D:9)
  A phantom (D:7)
  2 kobold brigands
  2 scorpions
  5 bullfrogs
  2 gnoll sergeants
  9 wights
  5 killer bees (D:10)
  5 hounds
  3 jellies
  10 orc priests
  Crazy Yiuf (D:4)
  4 iguanas
  A sleepcap (D:4)
  8 orc wizards
  14 gnolls
  An adder (D:4)
  A white imp (D:5)
  5 dart slugs
  46 orcs
  3 ball pythons
  6 endoplasms
  3 giant cockroaches
  24 goblins
  23 hobgoblins
  9 jackals
  10 kobolds
  5 quokkas
  4 bats
  2 frilled lizards
  7 rats
293 creatures vanquished.

Vanquished Creatures (others)
  A frilled lizard (D:2)
1 creature vanquished.

Grand Total: 294 creatures vanquished

Notes
Turn   | Place    | Note
-------+----------+-------------------------------------------
     0 | D:1      | Logoto the Minotaur Berserker began the quest for the Orb.
     0 | D:1      | Reached XP level 1. HP: 19/19 MP: 0/0
   234 | D:1      | Reached XP level 2. HP: 21/27 MP: 1/1
   237 | D:1      | Reached skill level 4 in Axes
   918 | D:2      | Reached XP level 3. HP: 33/33 MP: 2/2
  1036 | D:2      | Reached ** piety under Trog
  1938 | D:3      | Noticed an ogre
  1944 | D:3      | Killed an ogre
  1945 | D:3      | Reached skill level 5 in Axes
  1945 | D:3      | Reached XP level 4. HP: 41/41 MP: 3/3
  1945 | D:3      | Reached XP level 5. HP: 47/47 MP: 4/4
  2216 | D:4      | Reached skill level 6 in Axes
  2227 | D:4      | Reached XP level 6. HP: 45/53 MP: 5/5
  2517 | D:4      | You fall into a shaft and drop 2 floors!
  2630 | D:6      | Reached skill level 5 in Fighting
  2630 | D:6      | Reached skill level 7 in Axes
  2642 | D:6      | Reached skill level 5 in Armour
  2642 | D:6      | Reached XP level 7. HP: 25/57 MP: 6/6
  3179 | D:5      | Entered Level 5 of the Dungeon
  3190 | D:6      | Reached *** piety under Trog
  3201 | D:6      | Reached skill level 8 in Axes
  3679 | D:4      | Reached XP level 8. HP: 64/70 MP: 7/7
  4173 | D:4      | Found a runed translucent door.
  4174 | D:4      | Noticed Crazy Yiuf
  4185 | D:4      | Killed Crazy Yiuf
  4356 | D:5      | Found a white marble altar of Elyvilon.
  4431 | D:5      | Found a staircase to the Ecumenical Temple.
  4656 | D:5      | Reached skill level 9 in Axes
  4795 | D:6      | Noticed Sigmund
  4807 | D:6      | Killed Sigmund
  5264 | D:7      | Found an iron altar of Okawaru.
  5264 | D:7      | Found a burning altar of Makhleb.
  5271 | D:7      | Found a shimmering blue altar of Sif Muna.
  5273 | D:7      | Found an ornate altar of the Wu Jian Council.
  5275 | D:7      | Found a shimmering altar of Xom.
  5458 | D:7      | Reached skill level 10 in Axes
  5458 | D:7      | Reached skill level 1 in Polearms
  5757 | D:7      | Reached XP level 9. HP: 74/78 MP: 8/8
  6068 | D:8      | Noticed Jeremiah
  6285 | D:8      | Killed Jeremiah
  6749 | D:8      | Noticed Maggie
  6753 | D:8      | Reached skill level 5 in Polearms
  6765 | D:8      | Killed Maggie
  6879 | D:8      | Reached **** piety under Trog
  7282 | D:8      | Noticed a centaur warrior
  7289 | D:8      | Killed a centaur warrior
  7290 | D:8      | Reached skill level 11 in Axes
  7290 | D:8      | Reached skill level 1 in Maces & Flails
  7290 | D:8      | Reached XP level 10. HP: 90/90 MP: 9/9
  7657 | D:9      | Reached skill level 10 in Armour
  7908 | D:9      | Found a staircase to the Lair.
  8022 | D:9      | Reached skill level 5 in Maces & Flails
  8298 | D:9      | Found a sacrificial altar of Ru.
  8738 | D:10     | Entered Level 10 of the Dungeon
  8760 | D:10     | Found a flagged portal.
  8774 | Bailey   | Entered a bailey
  8890 | Bailey   | Noticed an orc knight
  8901 | Bailey   | Killed an orc knight
  8961 | Bailey   | Noticed an orc knight
  8973 | Bailey   | Killed an orc knight
  9082 | Bailey   | Noticed an orc warlord
  9096 | Bailey   | Reached XP level 11. HP: 99/99 MP: 10/10
  9097 | Bailey   | Reached ***** piety under Trog
  9106 | Bailey   | Killed an orc warlord
  9475 | Bailey   | Reached skill level 10 in Fighting
  9525 | Bailey   | Identified the staff "Fyosiudivi" {rN+ SInv Necro}
  9584 | D:10     | Reached skill level 12 in Axes
  9680 | D:10     | Identified the amulet of Duqast {Acrobat Slay+4}
 10078 | D:10     | Found a staircase to the Orcish Mines.
 10296 | D:10     | Reached skill level 13 in Axes
 10296 | D:10     | Reached XP level 12. HP: 107/107 MP: 11/11
 10630 | D:10     | Noticed a two-headed ogre
 10637 | D:10     | Killed a two-headed ogre
 10827 | D:10     | Noticed a two-headed ogre
 10834 | D:10     | Killed a two-headed ogre
 10954 | Lair:1   | Entered Level 1 of the Lair of Beasts
 11079 | Lair:1   | Reached skill level 14 in Axes
 11094 | Lair:1   | Found a dark tunnel.
 11103 | Volcano  | Entered a volcano
 11113 | Volcano  | Noticed a centaur warrior
 11116 | Volcano  | Found a large runed translucent door.
 11122 | Volcano  | HP: 1/108 [centaur warrior (10)]
 11122 | Volcano  | Shot with a bolt by a yaktaur

Illustrated notes

Levels and vault maps discovered:
D:1:      mainiacjoe_arrival_reflecting_pool, layout_basic,
          minmay_split_cup_large
D:2:      layout_loops_ring
D:3:      layout_basic, minmay_strange_pillars
D:4:      cheibrodos_thug_alley, layout_loops_ring, serial_glass,
          glass_columns_a, glass_columns_b, glass_columns_b, item_on_display_a,
          due_unseen_surprise, feat_on_display, uniq_crazy_yiuf_cottage
D:5:      layout_rooms, elyvilon_altar_1, minmay_temple_entry_proselytizer
D:6:      layout_loops_corners, uniq_sigmund
D:7:      layout_loops_cross, chequers_temple_overflow_minitemple
D:8:      layout_loops_ring, hex_large, minmay_three_doors, uniq_maggie,
          uniq_jeremiah
D:9:      layout_loops_cross, lemuel_crystal_altar, minmay_lair_entry_grove,
          chequers_serial_rivers_small_b
D:10:     layout_roguey, erik_orc_4, enter_bailey_6, kb_lookout_dungeons_type,
          minmay_door_square
Lair:1:   layout_roguey, nicolae_volcano_entry_hallway, serial_bayou_shore_b,
          grunt_megastairs_2
Volcano:  hellmonk_volcano_collapse

Skill      XL: |  1  2  3  4  5  6  7  8  9 10 11 12 |
---------------+-------------------------------------+-----
Fighting       | 4 5 6 8 9 10 | 10.9
Axes           | 4 5 6 7 8 10 11 13 14 | 14.2
Armour         | 3 4 5 6 7 9 11 13 | 13.9
Dodging        | 3 |  3.3
Polearms       | 1 5 |  5.8
Maces & Flails | 1 6 7 |  7.1
Shields        | 6 |  6.6
Throwing       | |  0.5
Stealth        | |  0.6

Action                     |  1- 3 |  4- 6 |  7- 9 | 10-12 || total
---------------------------+-------+-------+-------+-------++-------
  Melee: Hand axe          |    96 |    62 |   142 |       ||   300
         Headbutt          |    10 |    13 |    49 |    42 ||   114
         Punch             |     1 |       |     1 |       ||     2
         Halberd           |       |       |    76 |       ||    76
         Trident           |       |       |    55 |       ||    55
         Morningstar       |       |       |    14 |   144 ||   158
         Broad axe         |       |       |       |   122 ||   122
  Throw: Dart              |       |       |       |     4 ||     4
 Invoke: Berserk           |     2 |     3 |    12 |    14 ||    31
    Use: Scroll            |       |     6 |       |    13 ||    19
         Potion            |       |     1 |     2 |     4 ||     7
 Armour: Scale mail        |    40 |       |       |       ||    40
         Chain mail        |    24 |    68 |   133 |       ||   225
         Leather armour    |    10 |       |       |       ||    10
         Plate armour      |       |       |    80 |   252 ||   332
  Dodge: Dodged            |    56 |    51 |   126 |   119 ||   352
  Block: Buckler           |       |       |       |    38 ||    38
